[Event "Chessable English Open-ch 2022"]
[Site "Kenilwoth"]
[Date "2022.05.19"]
[Round "2.5"]
[White "Willow, Jonah B"]
[Black "Royal, Shreyas"]
[Result "1/2-1/2"]
[ECO "A14"]
[WhiteElo "2401"]
[BlackElo "2385"]
[Annotator "TA RC"]
[PlyCount "124"]
[EventDate "2022.05.18"]
[EventType "swiss"]
[EventCountry "ENG"]
[SourceTitle "playchess.com"]
[Source "ChessBase"]
[SourceQuality "1"]
[TimeControl "5400+30"]

1. Nf3 d5 2. g3 Nf6 3. Bg2 e6 4. O-O Be7 5. c4 O-O 6. b3 b6 7. Bb2 Bb7 8. cxd5 exd5 9. e3 {[%emt 0:00:08] A14: English Opening: 1...e6 with b3 by White.} Nbd7 10. Nc3 Re8 11. Rc1 a6 12. Ne2 Bd6 13. Nf4 Nc5 14. b4 Ne6 15. Nxe6 (15. Qc2 {is more complex.} Nd7 16. a3 c5 17. Nxe6 Rxe6 18. bxc5 bxc5 19. Bxg7 d4 20. Bxd4 Bxf3 21. Bxf3 cxd4 22. Bxa8 Qxa8 23. Qc8+) 15... fxe6 {[%emt 0:01:02] [#]} 16. Be5 $146 ({Predecessor:} 16. Qb3 e5 17. Nh4 a5 18. b5 a4 19. Qd3 Qd7 20. f4 e4 21. Qe2 Rf8 22. Be5 {1-0 (60) Anton Guijarro,D (2693)-Gukesh,D (2614) Warsaw 2021}) 16... Rc8 17. Qb3 Qe7 18. Bxd6 cxd6 19. Qb2 Qd7 (19... e5 $11) 20. Bh3 $16 Ne4 21. d3 Qf7 (21... Nf6 $16) 22. Rxc8 Bxc8 23. dxe4 Qxf3 24. Bg2 Qh5 25. Qd4 dxe4 26. Qxd6 Qd5 {[%emt 0:24:59] [#]} 27. Qxb6 (27. Rd1 $1 $18 Qxa2 28. Bxe4) 27... Qxa2 (27... Bd7 $16 28. Ra1 (28. Qxa6 Bb5 $15) 28... Bb5) 28. Bxe4 $40 {[%emt 0:00:21][%mdl 128] White attacks with force.} Qc4 29. Bg2 {[%emt 0:01:24] White is more active.} Bd7 30. Qd6 Bb5 31. Rd1 {[%emt 0:00:34] Inhibits Qd3.} Qa2 32. h4 Rf8 33. Rd2 Qc4 34. Kh2 Qb3 (34... h6 $142 35. Bh3 Rf6) 35. Bh3 Re8 36. Rd4 {[%emt 0:00:53] [#] aiming for Rf4.} e5 {[%emt 0:00:00] Prevents Rf4.} 37. Rd5 Qc2 38. Rd2 Qc6 39. Qxc6 Bxc6 $18 {[%emt 0:00:00][%mdl 4096] Endgame KRB-KRB} 40. Bf1 Rb8 41. Rd6 ({Don't do} 41. Bxa6 Rxb4 42. Bf1 Kf7 $16) 41... Bf3 42. Bg2 ({But not} 42. Bxa6 $6 Rxb4 43. Bd3 e4 $14) 42... Bxg2 43. Kxg2 Rxb4 44. Rxa6 {[%emt 0:00:04] KR-KR} Kf7 45. Kf3 ({Better is} 45. h5 $18) 45... h5 $16 46. Ra7+ Kf6 47. Ra8 Rc4 48. Rf8+ Ke6 49. Ke2 g6 50. Kd3 Ra4 51. f4 (51. Re8+ $16 Kf6 52. Rb8) 51... Ra3+ $11 {[%emt 0:01:35] The position is equal.} 52. Ke4 {[%emt 0:00:08] Re8+ is the strong threat.} Ra4+ 53. Kf3 (53. Kd3 $5 e4+ 54. Kd2 $11) 53... e4+ 54. Kg2 Ra2+ 55. Kh3 Ke7 {[%emt 0:00:19] Prevents Re8+.} 56. Rb8 {[%emt 0:03:28] Black must now prevent Rb6.} Ra3 57. Rb5 {[%emt 0:00:27] Hoping for Re5+.} Rxe3 58. Kg2 Kf6 59. Re5 Re2+ 60. Kf1 Re3 61. Kf2 Rf3+ 62. Kg2 Re3 {[%emt 0:00:06] Black defended with fortune.  Weighted Error Value: White=0.07 (flawless) /Black=0.12 (very precise)} 1/2-1/2

[Event "Chessable English Open-ch 2022"]
[Site "Kenilwoth"]
[Date "2022.05.19"]
[Round "2.6"]
[White "Derakhshani, Borna"]
[Black "Parker, Keith"]
[Result "1-0"]
[ECO "A14"]
[WhiteElo "2388"]
[BlackElo "1815"]
[Annotator "TA"]
[PlyCount "49"]
[EventDate "2022.05.18"]
[EventType "swiss"]
[EventCountry "ENG"]
[SourceTitle "playchess.com"]
[Source "ChessBase"]
[SourceQuality "1"]
[TimeControl "5400+30"]

1. Nf3 d5 2. b3 Nf6 3. Bb2 e6 4. c4 Nbd7 5. g3 Be7 6. Bg2 c6 7. O-O O-O 8. d3 a5 9. Nc3 {[%emt 0:00:55] A14: English Opening: 1...e6 with b3 by White.} Nc5 {[%emt 0:02:46] 9...b6 injects fresh life into this line.} 10. Qc2 a4 11. d4 {[%emt 0:08:38] White is slightly better.} a3 12. Bc1 Nce4 {[%emt 0:02:37] [#]} 13. c5 $146 ({Predecessor:} 13. Ne5 Bb4 14. Nxe4 Nxe4 15. Be3 f6 16. Nd3 Ba5 17. Bxe4 dxe4 18. Nc5 f5 19. f3 {1-0 (28) Jouhki,Y (2306)-Molander,R (2246) Vammala 1999}) 13... Qa5 (13... Nxc3 $11 14. Qxc3 Ne4) 14. Na4 $14 b5 (14... Nd7 $16) 15. cxb6 $18 {[%emt 0:01:07] Strongly threatening Ne5.} Ba6 {[%emt 0:01:40] [#]} (15... Bb7 {might work better.} 16. Ne5 Bb4) 16. Ne5 $1 Bb5 17. b7 ({Inferior is} 17. Nxc6 Bxc6 18. Qxc6 Rfc8 $11) (17. f3 $18 Nd6 18. Bxa3) 17... Ra6 (17... Rab8 $16) 18. Bf4 $36 {[%emt 0:09:10][%mdl 2048] White has strong initiative.} Bd6 $2 (18... Nd6 19. Nc5 Ra7) 19. f3 Bxa4 20. bxa4 Nc3 21. Rac1 Nxa4 {[%emt 0:00:00] [#]} (21... Nxa2 22. Qxa2 Qxa4) 22. Nxc6 {[%emt 0:00:12] White is clearly winning.} Qc7 23. Bxd6 Qxd6 24. b8=Q Rxb8 25. Nxb8 {[%emt 0:00:04] Black did not feel at home in the position after the opening.  Weighted Error Value: White=0.23 (precise) /Black=0.71} 1-0

[Event "Chessable English Open-ch 2022"]
[Site "Kenilwoth"]
[Date "2022.05.19"]
[Round "2.7"]
[White "Okhai, Shabir"]
[Black "Hebden, Mark L"]
[Result "0-1"]
[ECO "C55"]
[WhiteElo "2121"]
[BlackElo "2452"]
[Annotator "TA"]
[PlyCount "82"]
[EventDate "2022.05.18"]
[EventType "swiss"]
[EventCountry "ENG"]
[SourceTitle "playchess.com"]
[Source "ChessBase"]
[SourceQuality "1"]
[TimeControl "5400+30"]

1. e4 e5 2. Nf3 Nc6 3. Bc4 Nf6 4. d3 Be7 5. O-O d6 6. a4 O-O 7. Re1 Be6 8. Bxe6 {[%emt 0:00:23] C55: Two Knights: 4 d3, 4 d4 exd4 5 e5 and Max Lange Attack.} fxe6 9. c3 Qe8 {[%emt 0:00:50] is now debated instead of 9...Qd7.} 10. b4 {[%emt 0:00:16] White is slightly better.} Qg6 11. Be3 Nh5 12. Nbd2 Nf4 13. Bxf4 Rxf4 14. Re3 Raf8 {[%emt 0:00:38] [#]} 15. Qb3 $146 ({Predecessor:} 15. g3 R4f7 16. b5 Na5 17. Rc1 c5 18. bxc6 Nxc6 19. Rc2 Qh5 20. Qe2 g5 21. Ne1 {½-½ (49) Greet,A (2417)-Hebden,M (2453) London 2021}) 15... Kh8 16. Rf1 Bg5 17. Nxg5 Qxg5 18. Rg3 Qf6 19. Rf3 g5 20. Qd1 Ne7 21. Qe2 Ng6 22. Re3 (22. Rxf4 $14 gxf4 23. Qh5) 22... Rh4 $11 {[%emt 0:01:23] And now ...Nf4 would win.} 23. Rb1 Nf4 24. Qf1 {[%emt 0:04:33] [#]} ({White should play} 24. Qe1 $1 $15) 24... Qh6 $1 $17 {[%emt 0:06:03] Black is more active.} 25. h3 g4 26. Kh2 $2 {[%emt 0:03:17] [#] Loses the game.} (26. d4 $17 {was necessary.}) 26... Nxg2 $1 $19 27. Qxg2 Rxh3+ 28. Rxh3 gxh3 29. Qg3 {[%emt 0:03:09][%cal Ob1g1] aiming for Rg1!} Qxd2 {[%emt 0:00:24][%mdl 4096] Endgame KQR-KQR} 30. Rf1 Qe2 31. Qxh3 Rf6 (31... Rxf2+ $2 32. Rxf2 Qxf2+ 33. Kh1 $19) 32. Qh4 {[%emt 0:01:46] [#]} Qf3 33. Qg5 $2 (33. d4) 33... h6 $2 (33... Rg6 34. Qd8+ Rg8 35. Qxg8+ Kxg8 36. Rg1+ Kf7) 34. Qh4 Kh7 $40 {[%emt 0:00:21][%mdl 128] Black has strong attack.} (34... Rg6 35. Rg1 Qf6 36. Rg4 $17) 35. a5 Rf7 ({Worse is} 35... Qxd3 36. Qxf6 Qxf1 37. Qf7+ Kh8 38. Qf6+ Kg8 39. Qxe6+ Kh7 40. Qe7+ Kg6 41. Qe6+ Kh5 42. Qf7+ Kg5 43. Qf5+ Kh4 44. Qf6+ Kh5 45. Qf5+ Kh4 46. Qf6+ Kh5 47. Qf7+ (47. Qf5+ Kh4 $11) 47... Kh4 48. Qf6+ $11) 36. d4 $2 (36. Qh3 {might work better.}) 36... Qe2 ({Stronger than} 36... Rg7 37. Rg1 $17) 37. Qh3 Qxe4 38. Qxe6 (38. f3 $142 Qe3 39. Rg1) 38... Qf4+ 39. Kh3 Rg7 {[%emt 0:04:29] Black mates.} 40. dxe5 Qg5 41. Qxh6+ Qxh6# {[%emt 0:32:49] Weighted Error Value: White=0.73/Black=0.24 (precise)} 0-1

[Event "Chessable English Open-ch 2022"]
[Site "Kenilwoth"]
[Date "2022.05.19"]
[Round "2.8"]
[White "Herring, Samuel"]
[Black "Jackson, James P"]
[Result "0-1"]
[ECO "A30"]
[WhiteElo "1900"]
[BlackElo "2400"]
[Annotator "TA"]
[PlyCount "112"]
[EventDate "2022.05.18"]
[EventType "swiss"]
[EventCountry "ENG"]
[SourceTitle "playchess.com"]
[Source "ChessBase"]
[SourceQuality "1"]
[TimeControl "5400+30"]

1. Nf3 Nf6 2. g3 b6 3. Bg2 Bb7 4. O-O c5 5. c4 e6 6. d4 cxd4 7. Nxd4 Bxg2 8. Kxg2 Qc8 9. b3 a6 {[%emt 0:00:32][%cal Ob6b5] A30: Symmetrical English: Double Fianchetto and Hedgehog.} 10. Bb2 Qb7+ {[%emt 0:05:57] [#]} 11. Nf3 $146 ({Predecessor:} 11. Kg1 Be7 12. Nc3 O-O 13. Qd2 d6 14. Rac1 Rd8 15. f3 Nc6 16. Nxc6 Qxc6 17. e4 {½-½ (29) Huebner,R (2604)-Bischoff,K (2561) Playchess.com INT 2004}) 11... Be7 {[%emt 0:00:32] The position is equal.} 12. Nc3 d6 13. Qc2 Nbd7 14. Rfd1 (14. a4 $11) 14... O-O 15. Rac1 (15. Ba3 $11 {remains equal.}) 15... Rfc8 ({Black should try} 15... b5 $1 $17) 16. Qb1 (16. a4 $11 {keeps the balance.}) 16... b5 $17 17. cxb5 axb5 18. a4 bxa4 19. bxa4 d5 {[%emt 0:01:05] Black is more active.} 20. Ba1 Qa7 21. Nd4 Nc5 22. Qb5 Nce4 (22... Nxa4 23. Nc6 Rxc6 24. Qxc6 $16) (22... Bf8 $17 {...Rab8 is the strong threat.} 23. e3 Nxa4 24. Nxa4 Rxc1 25. Rxc1 Qxa4 26. Qxa4 Rxa4) 23. Nxe4 $15 Nxe4 24. Rxc8+ $1 Rxc8 25. e3 ({White should play} 25. a5 $15) 25... Nd6 26. Qb3 Qa8 27. Rb1 {[%emt 0:02:37] [#]} h5 (27... Bf8 $1 $17) 28. h4 Bf6 (28... Ne4 {is more complex.} 29. Qd1 g6 30. Ne2 Rc4) 29. Qd1 e5 30. Nb5 (30. Nf3 $11) 30... Nc4 {[%emt 0:01:14] Hoping for ...d4+.} (30... Nf5 $5 31. Qf3 (31. Qxh5 d4+ 32. Kh3 g6 $17) 31... g6 $17) 31. Kh2 d4 32. exd4 exd4 33. Rc1 ({Much weaker is} 33. Bxd4 Rd8 34. Qe2 Bxd4 $17) 33... Qd5 {[%emt 0:05:58] And now ...d3 would win.} 34. Qd3 (34. Bxd4 $11 Rd8 {[#]} 35. Qh1 $1 Qxh1+ 36. Kxh1 Bxd4 37. Rxc4 Bxf2 38. Kg2) 34... Rc6 35. Re1 {[%emt 0:02:34][%mdl 8192] Prevents Ne3. This costs White the game.} ({Don't go for} 35. Bxd4 $2 Ne5 36. Qd1 Nf3+ 37. Kh3 Rxc1 38. Qxc1 Nxd4 $19) (35. Nxd4 $11 Ne5 36. Qf1 Rxc1 37. Qxc1) 35... Ne5 $19 36. Qe4 Nf3+ 37. Kh1 Qxe4 38. Rxe4 Rc1+ 39. Kg2 Ne1+ ({Not} 39... Rxa1 40. Kxf3 Rxa4 41. Re8+ Kh7 42. Rc8 $15) 40. Rxe1 Rxe1 41. Bxd4 Bxd4 42. Nxd4 {[%emt 0:00:01][%mdl 4096] Endgame KR-KN} Re4 43. Nf5 Rxa4 {[%emt 0:00:06] Threatens to win with ...Kh7.} 44. Ne3 (44. Kf3 $142) 44... Kh7 45. Nd5 Kg6 46. Kf3 (46. Nc3 $142 Ra6 47. Ne2) 46... Kf5 47. Ne3+ Ke5 48. g4 Rf4+ 49. Kg3 Ke4 {[%emt 0:00:04] ( -> ...Rf3+)} 50. gxh5 Rf3+ {[%emt 0:00:06] Black mates.} 51. Kg2 Rxe3 52. fxe3 Kxe3 53. Kg3 f5 54. h6 gxh6 55. h5 f4+ 56. Kg2 Ke2 {[%emt 0:00:08] Weighted Error Value: White=0.71/Black=0.11 (very precise)} 0-1

[Event "Chessable English Open-ch 2022"]
[Site "Kenilwoth"]
[Date "2022.05.19"]
[Round "2.9"]
[White "Wells, Peter K"]
[Black "Macklin, Paul"]
[Result "1-0"]
[ECO "E94"]
[WhiteElo "2374"]
[BlackElo "2350"]
[Annotator "TA"]
[PlyCount "61"]
[EventDate "2022.05.18"]
[EventType "swiss"]
[EventCountry "ENG"]
[SourceTitle "playchess.com"]
[Source "ChessBase"]
[SourceQuality "1"]
[TimeControl "5400+30"]

1. d4 Nf6 2. c4 g6 3. Nc3 Bg7 4. e4 d6 5. Nf3 O-O 6. Be2 e5 7. O-O exd4 8. Nxd4 Re8 9. f3 c6 10. Kh1 d5 {[%emt 0:00:45] 10...Nh5 is not played anymore.} (10... Nfd7 $14) 11. cxd5 $16 {[%emt 0:02:47] E94: King's Indian: Classical: 6 Be2 e5 7 0-0: Various Black 7th moves.} cxd5 12. Bg5 {[%emt 0:02:46] White is more active.} Nc6 {[%emt 0:00:17] [#]} 13. Bb5 $1 {[%emt 0:54:46] White is better.} h6 14. Nxc6 bxc6 15. Bxc6 {[%emt 0:00:05] Bxf6 is the strong threat.} hxg5 16. Bxa8 {[%emt 0:01:07] Strongly threatening Bc6.} d4 17. Nd5 Ba6 $1 18. Bc6 Re6 {[%emt 0:00:13] [#]} 19. Rc1 $1 Bxf1 20. Qxf1 g4 {[%emt 0:11:11] [#]} 21. Bb7 $146 {[%emt 0:10:56] Threatens to win with Rc8.} (21. Nf4 $5 Re7 22. Nd3 $14) ({Predecessor:} 21. Nf4 Re7 22. Nd3 gxf3 23. Qxf3 Nd7 24. Bd5 Ne5 25. Nxe5 Bxe5 26. g3 Kg7 27. Kg2 {½-½ (35) Ding,L (2791)-Carlsen,M (2863) chess24.com INT 2020}) 21... Qd6 22. Rc6 $36 {[%emt 0:03:28][%mdl 2048] White has some pressure.} Qd7 23. Rc7 Qd6 $1 24. fxg4 {[%emt 0:01:49] Black must now prevent g5.} Kh7 (24... Qe5 $11) 25. Rxf7 Nxg4 {[%emt 0:17:15][%csl Gg4][%cal Rd6h2] [#]} 26. Rf4 $1 Ne5 27. Bc8 Re8 28. Ba6 Qc5 $2 (28... Rf8 $16) 29. Rh4+ $18 {[%emt 0:00:51] White is clearly winning.} Kg8 30. Nf6+ Bxf6 31. Qxf6 {[%emt 0:00:03] Weighted Error Value: White=0.05 (flawless) /Black=0.17 (very precise)} 1-0

[Event "Chessable English Open-ch 2022"]
[Site "Kenilwoth"]
[Date "2022.05.19"]
[Round "2.10"]
[White "Boswell, Jacob Connor"]
[Black "Pert, Max"]
[Result "1-0"]
[ECO "B11"]
[WhiteElo "2075"]
[BlackElo "1634"]
[Annotator "TA"]
[PlyCount "93"]
[EventDate "2022.05.18"]
[EventType "swiss"]
[EventCountry "ENG"]
[SourceTitle "playchess.com"]
[Source "ChessBase"]
[SourceQuality "1"]
[TimeControl "5400+30"]

1. e4 c6 2. Nc3 d5 3. Nf3 dxe4 4. Nxe4 Nf6 5. Qe2 Nxe4 6. Qxe4 Qa5 {[%emt 0:01:55] B11: Caro-Kann: Two Knights Variation.} 7. Bc4 Bf5 8. Qf4 {[%emt 0:00:20][%cal Ob2b4] Strongly threatening b4!} e6 {[%emt 0:03:35] The position is equal.} 9. O-O Be7 10. c3 O-O 11. d4 Nd7 12. Re1 {[%emt 0:02:16] [#]} Rfd8 $146 (12... Qd8 $11) ({Predecessor:} 12... Bg6 13. Qg3 Rfe8 14. Bf4 Rac8 15. h4 Nf6 16. Be5 c5 17. Bb3 c4 18. Bd1 Qb6 {0-1 (27) Sevian,S (2660)-Iturrizaga Bonelli,E (2607) Chess.com INT 2021}) 13. a4 {[%emt 0:05:06] Threatens to win with b4.} b5 14. Be2 Nf6 (14... b4 $11) 15. Ne5 $1 $14 Qb6 16. a5 (16. g4 $16 Bg6 17. Qf3) 16... Qc7 17. Bf3 Nd5 18. Bxd5 cxd5 19. g4 g5 20. Qg3 Be4 21. f3 Bg6 {[%emt 0:01:38] [#]} ({Better is} 21... f6 $14) 22. f4 $1 $16 gxf4 23. Bxf4 Bd6 24. b4 (24. Rf1 $18 {and White stays clearly on top.}) 24... f6 25. Nxg6 {[%emt 0:00:34] White is more active.} hxg6 26. Bxd6 Qxd6 27. Qd3 Kf7 28. Qxb5 Rac8 {[%emt 0:00:45] [#]} 29. Re3 ({Inferior is} 29. Qb7+ Rc7 30. Qb5 Rxc3 $17) (29. Qd3 $1 $16) 29... Rh8 (29... Rc4 $1 $14) 30. Qe2 Rh4 31. Re1 Re8 32. b5 g5 33. h3 Rh6 34. Kg2 Rh4 (34... Re7 $142 35. Rb1 Rh8) 35. Rf1 $18 Reh8 36. Re1 Re8 37. Rb1 Rb8 {[%emt 0:01:21] Prevents b6.} 38. Rf3 Rbh8 $2 (38... Kg7 39. b6 axb6) 39. Qe5 {[%emt 0:00:16] The board is on fire.} Qd8 (39... Qxe5 40. dxe5 f5 41. gxf5 g4 42. hxg4 Rxg4+ 43. Rg3 Re4) 40. Rbf1 R4h6 41. Qxg5 {[%emt 0:00:45] aiming for Qe5.} Rg6 42. Qf4 Rhh6 $2 (42... Qb8 43. Rb1 f5) 43. b6 axb6 44. a6 Qd7 45. Qb8 {[%emt 0:00:45] Black must now prevent a7.} Qb5 46. a7 Qe2+ 47. R1f2 {[%emt 0:00:13] Weighted Error Value: White=0.33/Black=0.46} 1-0

[Event "Chessable English Open-ch 2022"]
[Site "Kenilwoth"]
[Date "2022.05.19"]
[Round "2.11"]
[White "Southcott-Moyers, Indy"]
[Black "Thompson, Ian D"]
[Result "1/2-1/2"]
[ECO "D13"]
[WhiteElo "2028"]
[BlackElo "2074"]
[Annotator "TA"]
[PlyCount "34"]
[EventDate "2022.05.18"]
[EventType "swiss"]
[EventCountry "ENG"]
[SourceTitle "playchess.com"]
[Source "ChessBase"]
[SourceQuality "1"]
[TimeControl "5400+30"]

1. d4 d5 2. c4 c6 3. cxd5 cxd5 4. Nc3 Nc6 5. Nf3 Nf6 6. Bf4 a6 7. e3 Bg4 8. Be2 e6 9. Ne5 Bxe2 10. Qxe2 Rc8 {[%emt 0:03:22][%cal Ba8c8,Bc8c6,Bc6c1][%mdl 32] The position is equal.} 11. O-O {[%emt 0:07:37] D13: Slav Defence: Exchange variation without ...Bf5.} Bd6 12. Nxc6 Rxc6 13. Bxd6 Qxd6 14. Rfc1 O-O {[%emt 0:01:00] [#]} 15. Na4 $146 ({Predecessor:} 15. a3 Rfc8 16. Na2 h6 17. Rxc6 Qxc6 18. Qf1 Qa4 19. Rc1 Rc4 20. Rxc4 dxc4 21. Qc1 {½-½ (33) Kosic,D (2505)-Serper,G (2535) North Bay 1998}) 15... Rfc8 16. Nc5 Nd7 17. Nd3 Rxc1+ {[%emt 0:07:02] Not much happened in this game.  Weighted Error Value: White=0.01 (flawless) /Black=0.03 (flawless)} 1/2-1/2

[Event "Chessable English Open-ch 2022"]
[Site "Kenilwoth"]
[Date "2022.05.19"]
[Round "2.12"]
[White "Khoury, Theo"]
[Black "Larkin, Benjamin"]
[Result "1-0"]
[ECO "B13"]
[WhiteElo "1927"]
[BlackElo "1853"]
[Annotator "TA"]
[PlyCount "31"]
[EventDate "2022.05.18"]
[EventType "swiss"]
[EventCountry "ENG"]
[SourceTitle "playchess.com"]
[Source "ChessBase"]
[SourceQuality "1"]
[TimeControl "5400+30"]

1. e4 c6 2. d4 d5 3. exd5 cxd5 4. Bd3 Nc6 5. c3 Nf6 6. Bf4 Bg4 7. Qb3 Na5 {[%emt 0:00:02] B13: Caro-Kann: Exchange Variation and Panov-Botvinnik Attack.} 8. Qa4+ Nc6 9. Nd2 e6 {[%emt 0:00:04] The position is equal.} 10. Ngf3 Bd6 11. Ne5 Qc7 12. O-O O-O {[%emt 0:00:03][%cal Rc6e5] [#]} 13. Rae1 $146 ({Predecessor:} 13. Nxg4 Bxf4 14. Nxf6+ gxf6 15. Nf3 Kh8 16. g3 Rg8 17. Qd1 Rg7 18. Nh4 Rag8 19. Ng2 {0-1 (51) Shahade,G (2476)-Rozman,L (2343) Chess.com INT 2021}) 13... Nh5 14. Bg5 ({Much worse is} 14. Qc2 Nxf4 15. Nxg4 (15. Bxh7+ Kh8 $17) 15... f5 $17) 14... Nxe5 {[%emt 0:04:45][%mdl 8192] [#]} (14... Bxe5 $2 15. dxe5 Bf5 16. Be2 $16) (14... Bf5 $11 15. Bxf5 exf5) 15. dxe5 $18 Bxe5 16. Qxg4 {[%emt 0:00:16] Weighted Error Value: White=0.04 (flawless) /Black=0.54} 1-0

[Event "Chessable English Open-ch 2022"]
[Site "Kenilwoth"]
[Date "2022.05.19"]
[Round "2.13"]
[White "Shearsby, Jude"]
[Black "Duncan, Patrick C M"]
[Result "1/2-1/2"]
[ECO "B12"]
[WhiteElo "1849"]
[BlackElo "2013"]
[Annotator "TA"]
[PlyCount "83"]
[EventDate "2022.05.18"]
[EventType "swiss"]
[EventCountry "ENG"]
[SourceTitle "playchess.com"]
[Source "ChessBase"]
[SourceQuality "1"]
[TimeControl "5400+30"]

1. e4 c6 2. d4 d5 3. e5 Bf5 4. h4 h5 5. Bd3 Bxd3 6. Qxd3 e6 7. Nd2 {[%emt 0:00:44] B12: Caro-Kann: Advance Variation.} Nh6 8. Ne2 Nf5 9. Nf3 Qa5+ {[%emt 0:03:12] [#]} 10. Bd2 $146 ({Predecessor:} 10. c3 Qa6 11. Qc2 Nd7 12. O-O Be7 13. g3 c5 14. Be3 Rc8 15. Nf4 g6 16. Qd2 cxd4 17. cxd4 {1-0 (59) Ginzburg,M-Fernandez Murga,R (2255) Buenos Aires 1990}) 10... Qa6 11. Nf4 c5 12. c3 Qxd3 13. Nxd3 cxd4 14. Nxd4 Nxd4 15. cxd4 Nc6 16. Be3 Be7 17. Kd2 Kd7 18. g3 Rhc8 19. Rag1 g6 20. f3 Rh8 21. Bf2 Nb4 (21... a5 {seems wilder.} 22. a4 Nb4 23. Ra1 b5) 22. Nxb4 Bxb4+ 23. Kd3 Ba5 24. Rc1 Rac8 25. Be3 Rxc1 26. Rxc1 Rc8 27. Rxc8 Kxc8 $11 {[%emt 0:00:00][%mdl 4096] Endgame KB-KB} 28. Bd2 {[%emt 0:00:20] Inhibits Be1.} Bd8 29. Ke3 Kd7 30. b4 b5 (30... Kc6 $5) 31. Be1 g5 32. hxg5 Bxg5+ 33. f4 Bh6 34. Kf3 Ke7 35. g4 hxg4+ 36. Kxg4 Kf8 37. Bh4 Kg8 38. Bg5 {[%emt 0:02:19] The position is equal.} Bf8 39. a3 Kh7 40. Kh5 Bg7 41. Bf6 {[%emt 0:00:59] [#] Black must now prevent Bxg7.} Bh6 42. Bg5 {[%emt 0:00:20] Weighted Error Value: White=0.07 (flawless) /Black=0.06 (flawless)} 1/2-1/2

[Event "Chessable English Open-ch 2022"]
[Site "Kenilwoth"]
[Date "2022.05.19"]
[Round "2.14"]
[White "Ireland, David J"]
[Black "Watson, Jacob"]
[Result "1-0"]
[ECO "D20"]
[WhiteElo "2000"]
[BlackElo "1922"]
[Annotator "TA"]
[PlyCount "103"]
[EventDate "2022.05.18"]
[EventType "swiss"]
[EventCountry "ENG"]
[SourceTitle "playchess.com"]
[Source "ChessBase"]
[SourceQuality "1"]
[TimeControl "5400+30"]

1. d4 d5 2. c4 dxc4 3. e4 e5 4. Nf3 exd4 5. Qxd4 Qxd4 6. Nxd4 a6 {[%emt 0:11:41] D20: Queen's Gambit Accepted: 3 e3 and 3 e4.} 7. Bxc4 c5 8. Ne2 Nc6 {[%emt 0:02:50] The position is equal.} 9. O-O {[%emt 0:02:34] [#]} Bd6 $146 (9... Be6 $11 {remains equal.} 10. Bxe6 fxe6) ({Predecessor:} 9... b5 10. Bb3 c4 11. Bd1 Nf6 12. Nec3 Be6 13. Re1 O-O-O 14. Bf4 Bc5 15. e5 Ng4 {0-1 (36) Lunn,M (1905)-Spice,A (2169) England 2010}) 10. Rd1 $16 Be5 11. Nbc3 Nge7 12. Be3 b6 13. f4 Bxc3 (13... Bc7 $142) 14. Nxc3 O-O 15. h3 {[%emt 0:03:30] Prevents Bg4.} Bb7 16. Rd7 Bc8 17. Rc7 Ra7 18. Rxa7 Nxa7 19. Rd1 {[%emt 0:01:08] Prevents Rd8.} Nac6 20. a4 (20. Bf1 $18) 20... Na5 21. Be2 {[%emt 0:10:57] White is more active.} Re8 22. f5 Nec6 23. Bf4 Nd4 24. Bf1 Bb7 25. Bc7 Bxe4 $2 (25... Nab3 {was called for.} 26. Bxb6 a5 27. Bxc5 Nxc5) 26. Bxb6 (26. Nxe4 $142 Rxe4 27. Bxb6) 26... Bc2 $18 {[%emt 0:02:29] [#] Strongly threatening ...Nab3.} 27. Bxa5 Bxd1 28. Nxd1 Nxf5 29. Kf2 ({Stronger than} 29. Bxa6 Ra8 30. Bd3 Rxa5 $11) 29... Re6 30. Nc3 Nd4 31. Nd5 Nb3 32. Bb6 {[%emt 0:03:37] Hoping for Bc4. This bishop pair is nice.} Re4 33. Nc3 ({Weaker is} 33. Bxa6 Rxa4 34. Bb5 Ra2 $11) 33... Re6 (33... Rf4+ 34. Ke1 a5) 34. a5 Rd6 35. Ne4 {[%emt 0:01:59] Prevents Rd2+.} Rd4 36. Nxc5 Rd2+ 37. Kg3 Rxb2 (37... Nxa5 $142 38. Bxa5 Rxb2 39. Bxa6 Rc2) 38. Nxb3 Rxb3+ 39. Kh2 Ra3 40. Bxa6 {[%emt 0:00:20] Black must now prevent Bb7.} g5 41. Bb7 {[%emt 0:00:32] White mates.} Rb3 {[%emt 0:00:36] [#]} 42. a6 $1 Rxb6 {[%emt 0:01:30] KR-KB} (42... Ra3 43. a7) 43. a7 Kg7 44. a8=Q h5 45. Bf3 Rh6 46. Qa1+ Kg6 47. Be4+ f5 48. Qa6+ Kg7 49. Qb7+ Kf6 50. Qc6+ Kg7 51. Qd7+ Kf6 52. Qxf5+ {[%emt 0:00:10] Weighted Error Value: White=0.19 (very precise) /Black=0.46} 1-0